| TOP OF THE 1ST |
|
Bluefield Blue Jays batting - Pitching for Pulaski Yankees : LHP Alex Ramirez
|
|
Pitching: LHP Alex Ramirez
|
|
|
Batting: RHB Dustin Bargman
|
0-0: Called Strike 0-1: Ball 1-1: Ball 2-1: Foul Ball, location: 2F 2-2: Foul Ball, location: 2F 2-2: Foul Ball, location: 2F 2-2: Fly out, F7 (Flyball, 7, EV 83.8 MPH)
|
|
Batting: RHB Jorge Cruz
|
0-0: Called Strike 0-1: Ball 1-1: Ball 2-1: Foul Ball, location: 2F 2-2: Ground out 5-3 (Groundball, 56, EV 102.5 MPH)
|
|
Batting: RHB Mark Noftall
|
0-0: Called Strike 0-1: Foul Ball, location: 2F 0-2: SOLO HOME RUN (Flyball, 7LD, EV 96.2 MPH), Distance : 354 ft
|
|
Batting: RHB Terry Plumley
|
0-0: Ball 1-0: Foul Ball, location: 2F 1-1: Ball 2-1: Fly out, F7 (Line Drive, 7, EV 92.5 MPH)
|
| Top of the 1st over - 1 run, 1 hit, 0 errors, 0 left on base; Bluefield 1 - Pulaski 0 |
| BOTTOM OF THE 1ST |
|
Pulaski Yankees batting - Pitching for Bluefield Blue Jays : RHP Andrew Dopp
|
|
Pitching: RHP Andrew Dopp
|
|
|
Batting: LHB Carlos Palau
|
0-0: Called Strike 0-1: Ball 1-1: Fly out, F6 (Popup, P, EV 78.8 MPH)
|
|
Batting: LHB Justin Short
|
0-0: Swinging Strike 0-1: Called Strike 0-2: Ball 1-2: Foul Ball, location: 2F 1-2: Strikes out swinging
|
|
Batting: LHB Chris Viehman
|
0-0: Ball 1-0: Ball 2-0: SINGLE (Groundball, 34D, EV 95.6 MPH)
|
|
Batting: RHB Ken Stair
|
0-0: Ball 1-0: Foul Ball, location: 2F 1-1: Foul Ball, location: 2F 1-2: Ball 2-2: Ball Wild Pitch! Chris Viehman to second 3-2: Base on Balls
|
|
Batting: RHB Michael Patterson
|
0-0: Called Strike 0-1: Ball 1-1: Foul Ball, location: 2F 1-2: Ball 2-2: Ball 3-2: Strikes out swinging
|
| Bottom of the 1st over - 0 runs, 1 hit, 0 errors, 2 left on base; Bluefield 1 - Pulaski 0 |
| TOP OF THE 2ND |
|
Bluefield Blue Jays batting - Pitching for Pulaski Yankees : LHP Alex Ramirez
|
|
Batting: LHB Lothar Middelkoop
|
0-0: Ball 1-0: Fly out, F7 (Flyball, 7LS, EV 88.8 MPH)
|
|
Batting: LHB Ron de Vos
|
0-0: Called Strike 0-1: Ball 1-1: Ball 2-1: Foul Ball, location: 2F 2-2: Strikes out swinging
|
|
Batting: RHB Manny Elizondo
|
0-0: Ball 1-0: Ground out 4-3 (Groundball, 4, EV 108.8 MPH)
|
| Top of the 2nd over - 0 runs, 0 hits, 0 errors, 0 left on base; Bluefield 1 - Pulaski 0 |
| BOTTOM OF THE 2ND |
|
Pulaski Yankees batting - Pitching for Bluefield Blue Jays : RHP Andrew Dopp
|
|
Batting: SHB Dylan Best
|
0-0: Called Strike 0-1: Ground out 6-3 (Groundball, 6, EV 86.9 MPH)
|
|
Batting: LHB Troy Jones
|
0-0: Ball 1-0: Ball 2-0: Swinging Strike 2-1: SOLO HOME RUN (Flyball, 9D, EV 95.0 MPH), Distance : 367 ft
|
|
Batting: RHB Edwin Sierra
|
0-0: Called Strike 0-1: Ball 1-1: Fly out, F8 (Line Drive, 8RD, EV 98.8 MPH)
|
|
Batting: RHB Mustafa bin Gamali
|
0-0: Foul Ball, location: 2F 0-1: Foul Ball, location: 2F 0-2: Strikes out swinging
|
| Bottom of the 2nd over - 1 run, 1 hit, 0 errors, 0 left on base; Bluefield 1 - Pulaski 1 |
| TOP OF THE 3RD |
|
Bluefield Blue Jays batting - Pitching for Pulaski Yankees : LHP Alex Ramirez
|
|
Batting: LHB Nate Greening
|
0-0: Ball 1-0: Called Strike 1-1: Swinging Strike 1-2: Foul Ball, location: 2F 1-2: Foul Ball, location: 2F 1-2: Foul Ball, location: 2F 1-2: Ball 2-2: Strikes out looking
|
|
Batting: RHB Jorge Alva
|
0-0: Foul Ball, location: 2F 0-1: Ball 1-1: Ball 2-1: Swinging Strike 2-2: Foul Ball, location: 2F 2-2: Strikes out looking
|
|
Batting: RHB Dustin Bargman
|
0-0: Swinging Strike 0-1: Swinging Strike 0-2: Ball 1-2: Ball 2-2: Ball 3-2: Strikes out looking
|
| Top of the 3rd over - 0 runs, 0 hits, 0 errors, 0 left on base; Bluefield 1 - Pulaski 1 |
| BOTTOM OF THE 3RD |
|
Pulaski Yankees batting - Pitching for Bluefield Blue Jays : RHP Andrew Dopp
|
|
Batting: LHB Carlos Palau
|
0-0: Ball 1-0: Ball 2-0: Foul Ball, location: 2F 2-1: Ball 3-1: Base on Balls
|
|
Batting: LHB Justin Short
|
0-0: Ball 1-0: Ball 2-0: Ball 3-0: Base on Balls Carlos Palau to second
|
|
Batting: LHB Chris Viehman
|
0-0: Called Strike 0-1: Foul Ball, location: 2F 0-2: Fielders Choice at 2nd, 4-6 (Groundball, 4, EV 83.8 MPH) Carlos Palau to third
|
|
Batting: RHB Ken Stair
|
0-0: Ball 1-0: Ball 2-0: Called Strike 2-1: 3-RUN HOME RUN (Line Drive, 7LD, EV 93.1 MPH), Distance : 351 ft
|
|
Batting: RHB Michael Patterson
|
0-0: Foul Ball, location: 2F 0-1: Ground out U3 (Groundball, 34, EV 91.2 MPH)
|
|
Batting: SHB Dylan Best
|
0-0: Called Strike 0-1: Ball 1-1: Called Strike 1-2: Strikes out looking
|
| Bottom of the 3rd over - 3 runs, 1 hit, 0 errors, 0 left on base; Bluefield 1 - Pulaski 4 |
| TOP OF THE 4TH |
|
Bluefield Blue Jays batting - Pitching for Pulaski Yankees : LHP Alex Ramirez
|
|
Batting: RHB Jorge Cruz
|
0-0: Called Strike 0-1: Ball 1-1: SINGLE (Groundball, 6M, EV 95.0 MPH) (infield hit)
|
|
Batting: RHB Mark Noftall
|
0-0: SINGLE (Line Drive, 6D, EV 101.2 MPH) Jorge Cruz to second
|
|
Batting: RHB Terry Plumley
|
0-0: Ball 1-0: Ball 2-0: Ball 3-0: Fly out, F7 (Flyball, 78D, EV 79.4 MPH)
|
|
Batting: LHB Lothar Middelkoop
|
0-0: Ball 1-0: TRIPLE (Flyball, 89XD, EV 114.4 MPH) Jorge Cruz scores Mark Noftall scores
|
|
Pinch Hitting: SHB Kevin Watson
|
0-0: Ball 1-0: Ball 2-0: Called Strike 2-1: Ball 3-1: Called Strike 3-2: DOUBLE (Line Drive, 8LXD, EV 99.4 MPH) Lothar Middelkoop scores
|
|
Batting: RHB Manny Elizondo
|
0-0: Called Strike 0-1: Ball 1-1: Called Strike 1-2: Ball 2-2: Strikes out swinging
|
|
Batting: LHB Nate Greening
|
0-0: Ball 1-0: Ball 2-0: Ball 3-0: Called Strike 3-1: Called Strike 3-2: Strikes out swinging
|
| Top of the 4th over - 3 runs, 4 hits, 0 errors, 1 left on base; Bluefield 4 - Pulaski 4 |
| BOTTOM OF THE 4TH |
|
Pulaski Yankees batting - Pitching for Bluefield Blue Jays : RHP Andrew Dopp
|
|
Now in LF: Kevin Watson
|
|
|
Now in CF: Manny Elizondo
|
|
|
Batting: LHB Troy Jones
|
0-0: TRIPLE (Flyball, 9D, EV 96.2 MPH)
|
|
Batting: RHB Edwin Sierra
|
0-0: Ball 1-0: Called Strike 1-1: Swinging Strike 1-2: Ball 2-2: TRIPLE (Line Drive, 89XD, EV 105.0 MPH) Troy Jones scores
|
|
Pitching: RHP Eric Bessire
|
|
|
Batting: RHB Mustafa bin Gamali
|
0-0: Ground out 4-3 (Groundball, 4, EV 103.8 MPH) Edwin Sierra scores
|
|
Batting: LHB Carlos Palau
|
0-0: Called Strike 0-1: Ball 1-1: Ball 2-1: Ball 3-1: Base on Balls
|
|
Batting: LHB Justin Short
|
0-0: Called Strike 0-1: Called Strike 0-2: Strikes out swinging
|
|
Batting: LHB Chris Viehman
|
0-0: Ball 1-0: Ball 2-0: Foul Ball, location: 2F 2-1: Foul Ball, location: 2F 2-2: Ball 3-2: Fly out, F4 (Popup, 34D, EV 46.9 MPH)
|
| Bottom of the 4th over - 2 runs, 2 hits, 0 errors, 1 left on base; Bluefield 4 - Pulaski 6 |
| TOP OF THE 5TH |
|
Bluefield Blue Jays batting - Pitching for Pulaski Yankees : LHP Alex Ramirez
|
|
Pitching: RHP Manny de la Cruz
|
|
|
Pinch Hitting: RHB Carlos Bravo
|
0-0: SOLO HOME RUN (Flyball, 78XD, EV 105.6 MPH), Distance : 429 ft
|
|
Batting: RHB Dustin Bargman
|
0-0: Ball 1-0: Called Strike 1-1: SINGLE (Groundball, 4M, EV 108.1 MPH) (infield hit)
|
|
Batting: RHB Jorge Cruz
|
0-0: Called Strike 0-1: Foul Ball, location: 2F 0-2: Ball 1-2: Ball Dustin Bargman is caught stealing 2nd base 2-4 2-2: Foul Ball, location: 2F 2-2: Ball 3-2: Foul Ball, location: 2F 3-2: Foul Ball, location: 2F 3-2: Ground out 3-1 (Groundball, 34S, EV 87.5 MPH)
|
|
Batting: RHB Mark Noftall
|
0-0: Ball 1-0: Ball 2-0: Ball 3-0: Base on Balls
|
|
Batting: RHB Terry Plumley
|
0-0: Ball Mark Noftall steals 2nd base 1-0: SINGLE (Groundball, 6M, EV 106.2 MPH) Mark Noftall to third Runner from 3rd tries for Home, SAFE, throw by CF to home
|
|
Batting: LHB Lothar Middelkoop
|
0-0: Called Strike 0-1: Fly out, F8 (Flyball, 8LM, EV 91.2 MPH)
|
| Top of the 5th over - 2 runs, 3 hits, 0 errors, 1 left on base; Bluefield 6 - Pulaski 6 |
| BOTTOM OF THE 5TH |
|
Pulaski Yankees batting - Pitching for Bluefield Blue Jays : RHP Eric Bessire
|
|
Now in RF: Carlos Bravo
|
|
|
Batting: RHB Ken Stair
|
0-0: Ball 1-0: Called Strike 1-1: Foul Ball, location: 2F 1-2: Foul Ball, location: 2F 1-2: Foul Ball, location: 2F 1-2: Foul Ball, location: 2F 1-2: Ball 2-2: Strikes out looking
|
|
Batting: RHB Michael Patterson
|
0-0: Swinging Strike 0-1: Ball 1-1: Called Strike 1-2: Foul Ball, location: 2F 1-2: Strikes out swinging
|
|
Batting: SHB Dylan Best
|
0-0: Called Strike 0-1: Called Strike 0-2: Ball 1-2: Foul Ball, location: 2F 1-2: Strikes out swinging
|
| Bottom of the 5th over - 0 runs, 0 hits, 0 errors, 0 left on base; Bluefield 6 - Pulaski 6 |
| TOP OF THE 6TH |
|
Bluefield Blue Jays batting - Pitching for Pulaski Yankees : RHP Manny de la Cruz
|
|
Batting: SHB Kevin Watson
|
0-0: SOLO HOME RUN (Line Drive, 9LD, EV 98.1 MPH), Distance : 353 ft
|
|
Pitching: RHP Jon Campbell
|
|
|
Batting: RHB Manny Elizondo
|
0-0: Ball 1-0: Foul Ball, location: 2F 1-1: Called Strike 1-2: Ball 2-2: Strikes out swinging
|
|
Batting: LHB Nate Greening
|
0-0: Called Strike 0-1: Ball 1-1: Ball 2-1: Swinging Strike 2-2: Foul Ball, location: 2F 2-2: Foul Ball, location: 2F 2-2: Ball 3-2: Base on Balls
|
|
Batting: RHB Carlos Bravo
|
0-0: Ball 1-0: Grounds into double play, 4-6-3 (Groundball, 4, EV 100.6 MPH)
|
| Top of the 6th over - 1 run, 1 hit, 0 errors, 0 left on base; Bluefield 7 - Pulaski 6 |
| BOTTOM OF THE 6TH |
|
Pulaski Yankees batting - Pitching for Bluefield Blue Jays : RHP Eric Bessire
|
|
Batting: LHB Troy Jones
|
0-0: Ball 1-0: Called Strike 1-1: Foul Ball, location: 2F 1-2: Foul Ball, location: 2F 1-2: Ball 2-2: Strikes out swinging
|
|
Pinch Hitting: RHB Paul Ngumi
|
0-0: Ball 1-0: Ball 2-0: Ball 3-0: Called Strike 3-1: Fly out, F8 (Flyball, 8LD, EV 86.2 MPH)
|
|
Batting: RHB Mustafa bin Gamali
|
0-0: Ball 1-0: Ball 2-0: Foul Ball, location: 2F 2-1: Ball 3-1: Called Strike 3-2: Strikes out looking
|
| Bottom of the 6th over - 0 runs, 0 hits, 0 errors, 0 left on base; Bluefield 7 - Pulaski 6 |
| TOP OF THE 7TH |
|
Bluefield Blue Jays batting - Pitching for Pulaski Yankees : RHP Jon Campbell
|
|
Now at 3B: Paul Ngumi
|
|
|
Batting: RHB Dustin Bargman
|
0-0: Ball 1-0: Foul Ball, location: 2F 1-1: Foul Ball, location: 2F 1-2: Ball 2-2: Reached on error, E5 (Groundball, 5S, EV 82.5 MPH)
|
|
Pitching: LHP Matt Cusatis
|
|
|
Batting: RHB Jorge Cruz
|
0-0: Ball 1-0: Bunted foul 1-1: Sac Bunt to 23 - play at first, batter OUT! 3-4 Dustin Bargman to second
|
|
Batting: RHB Mark Noftall
|
0-0: SINGLE (Flyball, 3D, EV 100.6 MPH) Dustin Bargman to third
|
|
Batting: RHB Terry Plumley
|
0-0: Ball 1-0: Foul Ball, location: 2F 1-1: Fielders Choice at 2nd, 6-4 (Groundball, 6S, EV 85.6 MPH) Dustin Bargman scores
|
|
Batting: LHB Lothar Middelkoop
|
0-0: Foul Ball, location: 2F 0-1: Called Strike 0-2: Ball 1-2: Foul Ball, location: 2F 1-2: Ball 2-2: Ball 3-2: Fly out, F8 (Flyball, 8LM, EV 91.2 MPH)
|
| Top of the 7th over - 1 run, 1 hit, 1 error, 1 left on base; Bluefield 8 - Pulaski 6 |
| BOTTOM OF THE 7TH |
|
Pulaski Yankees batting - Pitching for Bluefield Blue Jays : RHP Eric Bessire
|
|
Pitching: LHP William Capuano
|
|
|
Batting: LHB Carlos Palau
|
0-0: Called Strike 0-1: Ball 1-1: SINGLE (Groundball, 25, EV 75.0 MPH) (infield hit)
|
|
Batting: LHB Justin Short
|
0-0: Ball 1-0: Ball 2-0: Called Strike 2-1: SINGLE (Line Drive, 8LS, EV 96.2 MPH) Carlos Palau to second
|
|
Batting: LHB Chris Viehman
|
0-0: Called Strike 0-1: Ball 1-1: Ball 2-1: Reached on error, E8 (Flyball, 8RD, EV 86.9 MPH) Carlos Palau scores Justin Short to third
|
|
Batting: RHB Ken Stair
|
0-0: Fly out, F8 (Flyball, 8LM, EV 89.4 MPH)
|
|
Batting: RHB Michael Patterson
|
0-0: Ball 1-0: Swinging Strike 1-1: Ground out U3 (Groundball, 3, EV 83.8 MPH)
|
|
Pinch Hitting: RHB Yasuoka Tsuda
|
0-0: Ball 1-0: Ball 2-0: Called Strike 2-1: Ball 3-1: Foul Ball, location: 2F 3-2: Base on Balls
|
|
Batting: LHB Troy Jones
|
0-0: Ball 1-0: Swinging Strike 1-1: Called Strike 1-2: Strikes out swinging
|
| Bottom of the 7th over - 1 run, 2 hits, 1 error, 3 left on base; Bluefield 8 - Pulaski 7 |
| TOP OF THE 8TH |
|
Bluefield Blue Jays batting - Pitching for Pulaski Yankees : LHP Matt Cusatis
|
|
Now at 1B: Arturo Gomez
|
|
|
Batting: SHB Kevin Watson
|
0-0: Foul Ball, location: 2F 0-1: Ground out 5-3 (Groundball, 25, EV 86.9 MPH)
|
|
Batting: RHB Manny Elizondo
|
0-0: Ground out 5-3 (Groundball, 56, EV 86.2 MPH)
|
|
Pinch Hitting: RHB Mike Johnson
|
0-0: Called Strike 0-1: Ball 1-1: Foul Ball, location: 2F 1-2: Ground out 5-3 (Groundball, 56, EV 106.2 MPH)
|
| Top of the 8th over - 0 runs, 0 hits, 0 errors, 0 left on base; Bluefield 8 - Pulaski 7 |
| BOTTOM OF THE 8TH |
|
Pulaski Yankees batting - Pitching for Bluefield Blue Jays : LHP William Capuano
|
|
Now at 2B: Dustin Bargman
|
|
|
Now at 3B: Kevin Watson
|
|
|
Now in LF: Mike Johnson
|
|
|
Batting: RHB Paul Ngumi
|
0-0: Foul Ball, location: 2F 0-1: Foul Ball, location: 2F 0-2: Ball 1-2: Strikes out swinging
|
|
Batting: RHB Mustafa bin Gamali
|
0-0: Ball 1-0: Foul Ball, location: 2F 1-1: Ball 2-1: Swinging Strike 2-2: Ball 3-2: Foul Ball, location: 2F 3-2: Foul Ball, location: 2F 3-2: Strikes out swinging
|
|
Batting: LHB Carlos Palau
|
0-0: Ball 1-0: Ground out 4-3 (Groundball, 4, EV 103.8 MPH)
|
| Bottom of the 8th over - 0 runs, 0 hits, 0 errors, 0 left on base; Bluefield 8 - Pulaski 7 |
| TOP OF THE 9TH |
|
Bluefield Blue Jays batting - Pitching for Pulaski Yankees : LHP Matt Cusatis
|
|
Batting: RHB Carlos Bravo
|
0-0: Ball 1-0: Ball 2-0: Called Strike 2-1: SINGLE (Groundball, 56D, EV 110.6 MPH)
|
|
Batting: RHB Dustin Bargman
|
0-0: Ball 1-0: Called Strike 1-1: Foul Ball, location: 2F 1-2: Foul Ball, location: 2F 1-2: Ball 2-2: Ground out 4-3 (Groundball, 34S, EV 78.8 MPH) Carlos Bravo to second
|
|
Batting: RHB Jorge Cruz
|
0-0: Called Strike 0-1: Foul Ball, location: 2F 0-2: Strikes out swinging, 2-3 out at first.
|
|
Pitching: RHP Mauricio Zambrana
|
|
|
Batting: RHB Mark Noftall
|
0-0: Called Strike 0-1: Foul Ball, location: 2F 0-2: Strikes out looking
|
| Top of the 9th over - 0 runs, 1 hit, 0 errors, 1 left on base; Bluefield 8 - Pulaski 7 |
| BOTTOM OF THE 9TH |
|
Pulaski Yankees batting - Pitching for Bluefield Blue Jays : LHP William Capuano
|
|
Pitching: LHP Matt Ray
|
|
|
Batting: LHB Justin Short
|
0-0: Reached on error, E4 (Groundball, 34, EV 76.2 MPH)
|
|
Batting: LHB Chris Viehman
|
0-0: Called Strike 0-1: Ball 1-1: Foul Ball, location: 2F 1-2: Ball 2-2: Strikes out looking
|
|
Batting: RHB Ken Stair
|
0-0: Called Strike 0-1: Swinging Strike 0-2: Grounds into double play, 6-4-3 (Groundball, 6, EV 103.1 MPH)
|
| Bottom of the 9th over - 0 runs, 0 hits, 1 error, 0 left on base; Bluefield 8 - Pulaski 7 |
|